 Dungeon Crawl Stone Soup version 0.29-a0-23-ga79f92ac9c (webtiles) character file.

Game seed: 9349914305915938151

786 HallandMoats the Skirmisher (level 7, -4/61 HPs)
             Began as a Ghoul Monk on Jan 30, 2022.
             Was an Elder of Okawaru.
             Slain by a two-headed ogre (11 damage)
             ... on level 5 of the Dungeon.
             The game lasted 00:06:18 (4026 turns).

HallandMoats the Skirmisher (Ghoul Monk)            Turns: 4026, Time: 00:06:18

Health: -4/61      AC: 11    Str: 17    XL:     7   Next: 86%
Magic:  7/8        EV: 13    Int:  5    God:    Okawaru [****..]
Gold:   128        SH:  0    Dex: 11    Spells: 6/6 levels left

rFire   . . .      SeeInvis .     - Unarmed
rCold   + . .      Faith    .   (no shield)
rNeg    + + +      Spirit   .   a - +5 ring mail of Sin {Will+ rCorr}
rPois   ∞          Reflect  .   (no helmet)
rElec   .          Harm     .   (no cloak)
rCorr   +          Rampage  .   (no gloves)
Will    +....                   (no boots)
Stlth   +++.......              (no amulet)
HPRegen 0.00/turn               (no ring)
MPRegen 0.11/turn               (no ring)

@: heroic, inhibited regen
A: claws 1, cold resistance 1, negative energy resistance 3, inhibited
regeneration, torment resistance 2
a: Renounce Religion, Heroism, Finesse


You were on level 5 of the Dungeon.
You worshipped Okawaru.
Okawaru was greatly pleased with you.
You visited 1 branch of the dungeon, and saw 5 of its levels.

You collected 128 gold pieces.

Inventory:

Armour
 a - the +5 ring mail of Sin (worn) {Will+ rCorr}
   (You found it on level 3 of the Dungeon)

   rCorr:     It protects you from acid and corrosion.
   Will:      It increases your willpower.
 e - a +0 buckler of protection
Scrolls
 b - a scroll of magic mapping {unknown}
 d - 3 scrolls of teleportation
 h - a scroll of fear
 k - a scroll of torment {unknown}
 m - a scroll of brand weapon {unknown}
Potions
 c - a potion of heal wounds {unknown}
 f - a potion of mutation {unknown}
 g - a potion of curing
 i - 2 potions of lignification {unknown}
 j - 3 potions of attraction {unknown}
 l - 2 potions of might {unknown}


   Skills:
 * Level 5.5(10.5) Fighting
 + Level 2.1(7.1) Armour
 + Level 3.7(8.7) Dodging
 - Level 2.1(7.1) Stealth
 * Level 3.2(8.2) Shields
 * Level 5.5(10.5) Unarmed Combat
 + Level 2.6 Invocations


You had 6 spell levels left.
You didn't know any spells.
Your spell library was empty.

Dungeon Overview and Level Annotations

Branches:
Dungeon (5/15)
 Temple: D:4-7

Altars:
Okawaru
Uskayaw

Shops:
D:2 [


Innate Abilities, Weirdness & Mutations

You thrive by killing the living.
You are immune to poison.
You have sharp fingernails.
Your flesh is cold resistant. (rC+)
You are immune to negative energy. (rN+++)
You do not regenerate when monsters are visible.
You are immune to unholy pain and torment.


Message History

You barely miss the iguana.
The iguana is heavily wounded.
You claw the iguana!
You kill the iguana!
Okawaru accepts your kill.
No target in view!
No target in view!
No target in view!
No target in view!
No target in view!
No target in view!
No target in view!
No target in view!
No target in view!
No target in view!
No target in view!
Magic restored.
There is an open door, spattered with blood here.
You see here an iguana corpse.
A two-headed ogre comes into view.
It is wielding a +0 giant spiked club and a +0 giant club.
A two-headed ogre is nearby!
A two-headed ogre is nearby!
A two-headed ogre is nearby!
You gain the combat prowess of a mighty hero.
g - a potion of curing The two-headed ogre barely misses you.
The two-headed ogre hits you with a +0 giant club!
You mangle the two-headed ogre!!
The two-headed ogre is moderately wounded.
The two-headed ogre hits you with a +0 giant spiked club!
The two-headed ogre hits you with a +0 giant club!!
* * * LOW HITPOINT WARNING * * *
You closely miss the two-headed ogre.
The two-headed ogre is moderately wounded.
You barely miss the two-headed ogre.
The two-headed ogre is moderately wounded.
The two-headed ogre hits you with a +0 giant spiked club!
* * * LOW HITPOINT WARNING * * *
The two-headed ogre hits you with a +0 giant club!
You die...

####### #.....#
#.###.# #@###.####
#O#......#
..#......#
####......#
#......# ###†####
.#########.#######
..................
.........#.#######


You could see a two-headed ogre.

Vanquished Creatures
  Grinder (D:3)
  A necrophage (D:4)
  A centaur (D:4)
  A scorpion (D:4)
  A centaur skeleton (D:4)
  2 hounds
  An orc priest (D:2)
  2 iguanas
  Jessica (D:3)
  An orc wizard (D:2)
  5 adders
  A worm (D:2)
  2 dart slugs
  11 orcs
  4 bats
  4 endoplasms
  4 giant cockroaches
  2 goblins
  5 hobgoblins
  9 jackals
  8 kobolds
  4 quokkas
  8 ball pythons
  6 rats
85 creatures vanquished.

Vanquished Creatures (others)
  An orc wizard (D:2)
1 creature vanquished.

Grand Total: 86 creatures vanquished

Notes
Turn   | Place    | Note
-------+----------+-------------------------------------------
     0 | D:1      | HallandMoats the Ghoul Monk began the quest for the Orb.
     0 | D:1      | Reached XP level 1. HP: 19/19 MP: 0/0
   256 | D:1      | Reached XP level 2. HP: 26/26 MP: 1/1
   268 | D:1      | Found a faded altar of an unknown god.
   271 | D:1      | Prayed at the altar of an unknown god.
   271 | D:1      | Became a worshipper of Warmaster Okawaru
   271 | D:1      | Reached * piety under Okawaru
   271 | D:1      | Reached ** piety under Okawaru
  1087 | D:2      | Found a hide-covered altar of Uskayaw.
  1108 | D:2      | Found Ymasuewa's Antique Armour Boutique.
  1305 | D:2      | Reached XP level 3. HP: 33/33 MP: 2/2
  1440 | D:2      | Reached skill level 1 in Invocations
  1440 | D:2      | Reached XP level 4. HP: 40/40 MP: 3/3
  1581 | D:2      | Reached *** piety under Okawaru
  1582 | D:2      | Reached skill level 1 in Armour
  1582 | D:2      | Reached skill level 1 in Shields
  1852 | D:2      | Reached XP level 5. HP: 41/46 MP: 4/4
  2571 | D:3      | Identified the +5 ring mail of Sin {Will+ rCorr}
  3098 | D:3      | Noticed Grinder
  3098 | D:3      | Noticed Jessica
  3119 | D:3      | Killed Jessica
  3120 | D:3      | Reached XP level 6. HP: 32/53 MP: 6/6
  3161 | D:3      | Killed Grinder
  3162 | D:3      | Reached skill level 5 in Fighting
  3162 | D:3      | Reached XP level 7. HP: 22/61 MP: 7/7
  3532 | D:4      | Reached skill level 5 in Unarmed Combat
  3686 | D:4      | Reached **** piety under Okawaru
  3926 | D:5      | Entered Level 5 of the Dungeon
  4012 | D:5      | Noticed a two-headed ogre
  4026 | D:5      | Slain by a two-headed ogre

Illustrated notes

Levels and vault maps discovered:
D:1:      lightli_arrival_windingriver, layout_basic,
          shapermc_ecumenical_altar_mp_vishouse, serial_bayou_pond_a,
          chequers_serial_rivers_large_a
D:2:      layout_loops_corners, serial_shops, nicolae_square_shop, basic_altar
D:3:      cheibrodos_pilgrimage, layout_rooms, kennysheep_flooded_box,
          minivault_4, st_stairs_3, uniq_grinder, uniq_jessica
D:4:      layout_rooms
D:5:      layout_basic, serial_shops, shop_fountains, hangedman_decor_push

Skill      XL: |  1  2  3  4  5  6  7 |
---------------+----------------------+-----
Dodging        | 3 |  3.7
Invocations    | 1 2 |  2.6
Unarmed Combat | 4 5 |  5.5
Fighting       | 4 5 |  5.5
Armour         | 1 2 |  2.1
Shields        | 1 2 3 |  3.2
Stealth        | |  2.1

Action                   |  1- 3 |  4- 6 |  7- 9 || total
-------------------------+-------+-------+-------++-------
Melee: Unarmed           |    67 |   180 |    86 ||   333
       Punch             |       |     4 |     2 ||     6
Invok: Heroism           |       |     1 |     1 ||     2
  Use: Potion            |       |     1 |       ||     1
       Scroll            |       |       |     3 ||     3
 Stab: Sleeping          |     2 |       |       ||     2
Armor: Robe              |     6 |       |       ||     6
       Ring mail         |    13 |    83 |    40 ||   136
Dodge: Dodged            |    30 |    59 |    46 ||   135
Block: Buckler           |     5 |    15 |       ||    20

Table legend: (Time is in decaauts)
 A = Elapsed time spent in this place.
 B = Non-inter-level travel time spent in this place.
 C = Inter-level travel time spent in this place.
 D = Time resting spent in this place.
 E = Time spent auto-exploring this place.
 F = Levels seen in this place.
 G = Mean time per level.
                   A        B        C        D        E       F      G
               +--------+--------+--------+--------+--------+-----+--------+
         Total |   4024 |   3898 |    126 |    391 |   2634 |   5 |  804.8 |
       Dungeon |   4024 |   3898 |    126 |    391 |   2634 |   5 |  804.8 |
               +--------+--------+--------+--------+--------+-----+--------+

Top non-repeatable levels by time:
     D:2: 1420 daAuts
     D:1: 1219 daAuts
     D:3: 848 daAuts
     D:4: 438 daAuts
     D:5: 97 daAuts
